[Event "FIDE World Rapid-ch Open 2018"]
[White "Hirneise, Jens"]
[Black "Smirin, Ilia"]
[Site "St. Petersburg"]
[Round "9.80"]
[Annotator "ChessBase"]
[Result "1/2-1/2"]
[Date "2018.12.27"]
[WhiteElo "2371"]
[BlackElo "2609"]
[PlyCount "108"]
[TimeControl "900+10"]

1. e4 c5 2. Nf3 e6 3. d4 cxd4 4. Nxd4 a6 5. Nc3 Qc7 6. Bd3 Nf6 7. f4 Bb4 8. Bd2 d6 9. Qe2 e5 10. fxe5 dxe5 11. Nb3 Be6 12. 0-0 Nbd7 13. Kh1 Be7 14. Bg5 0-0 15. Nd2 Rac8 16. Nd1 Nc5 17. Ne3 Ne8 18. Bxe7 Qxe7 19. Bc4 Nd6 20. Bd5 b5 21. b3 b4 22. a3 bxa3 23. b4 Na4 24. Qxa6 Nc3 25. Qxa3 Bxd5 26. Nxd5 Nxd5 27. exd5 Rxc2 28. Qd3 Qc7 29. Ne4 Nxe4 30. Qxe4 f5 31. Qd3 e4 32. Qd4 Qc4 33. Qe5 f4 34. Rg1 Qxb4 35. Ra7 Qc3 36. Rxg7+ Kh8 37. Re7+ Qxe5 38. Rxe5 Re2 39. d6 Rd8 40. Rf5 Rf2 41. Rd5 e3 42. Rdd1 Kg7 43. Rge1 Rd2 44. Rxd2 exd2 45. Rd1 Rxd6 46. Kg1 Kf6 47. Kf2 Kf5 48. Ke2 Rg6 49. Kf3 Rd6 50. Ke2 Kg4 51. Rxd2 Rh6 52. h3+ Kg3 53. Kf1 Re6 54. Rd3+ Kh4 1/2-1/2

[Event "FIDE World Rapid-ch Open 2018"]
[White "Huzman, Alexander"]
[Black "Drygalov, Sergey"]
[Site "St. Petersburg"]
[Round "9.81"]
[Annotator "ChessBase"]
[Result "1-0"]
[Date "2018.12.27"]
[WhiteElo "2580"]
[BlackElo "2446"]
[PlyCount "97"]
[TimeControl "900+10"]

1. Nf3 Nf6 2. c4 e6 3. e3 b6 4. Nc3 Bb7 5. d4 Bb4 6. Bd3 0-0 7. 0-0 d6 8. Na4 d5 9. c5 bxc5 10. a3 c4 11. Bxh7+ Nxh7 12. axb4 Nd7 13. b3 cxb3 14. Qxb3 Bc6 15. Nc3 a6 16. Ra5 Nhf6 17. Ba3 Re8 18. Rc1 Qb8 19. Qc2 Rc8 20. Ne5 Nxe5 21. dxe5 Nd7 22. Ne4 Bb5 23. Ng5 Nf8 24. Bb2 Bc4 25. Qd2 Nh7 26. Nf3 c6 27. Bd4 Qc7 28. Bc5 Qd8 29. h4 Rab8 30. Qd4 Rb5 31. Ra3 Be2 32. Nd2 Bh5 33. Rxa6 Nf8 34. Nb3 Ng6 35. Ra7 Qxh4 36. Qxh4 Nxh4 37. Nd4 Rbb8 38. Bd6 Ra8 39. Rxc6 Rxa7 40. Rxc8+ Kh7 41. b5 Ra1+ 42. Kh2 Rb1 43. Bc5 Nf5 44. Nxf5 exf5 45. b6 Be2 46. Rc7 Kg6 47. b7 f6 48. exf6 gxf6 49. Ba7 1-0

[Event "FIDE World Rapid-ch Open 2018"]
[White "Teske, Henrik"]
[Black "Borisenko, Viacheslav"]
[Site "St. Petersburg"]
[Round "9.82"]
[Annotator "ChessBase"]
[Result "0-1"]
[Date "2018.12.27"]
[WhiteElo "2483"]
[BlackElo "2289"]
[PlyCount "130"]
[TimeControl "900+10"]

1. e4 c5 2. Nf3 e6 3. c4 Nc6 4. Nc3 e5 5. a3 Be7 6. b4 d6 7. Nd5 Nf6 8. d3 Bg4 9. Be3 Bxf3 10. gxf3 Nxd5 11. cxd5 Nd4 12. bxc5 Qa5+ 13. Bd2 Qxc5 14. Ra2 Rc8 15. Bh3 f5 16. 0-0 0-0 17. Be3 g6 18. Rb2 Rc7 19. Rb4 fxe4 20. fxe4 Qc3 21. Bxd4 exd4 22. Rb3 Qc5 23. Rb4 Qc3 24. Rb3 Qc5 25. Rb4 Qc3 26. Qa4 Qxd3 27. Be6+ Kg7 28. Qxa7 Bf6 29. Rxb7 Rxb7 30. Qxb7+ Kh6 31. Qc7 Be5 32. Qc1+ Bf4 33. Qd1 Qxe4 34. Qg4 Kg7 35. Qh4 g5 36. Qg4 d3 37. Rd1 d2 38. h4 h6 39. hxg5 hxg5 40. Qh5 Qe1+ 41. Kg2 Qe4+ 42. Kg1 Qh7 43. Qxh7+ Kxh7 44. Bd7 Rb8 45. a4 Kg7 46. Bc6 Rb2 47. Kf1 Ra2 48. Ke2 Kf6 49. Kd3 Ra3+ 50. Ke2 Ke5 51. Rb1 Rc3 52. Rd1 Kd4 53. Rh1 Ra3 54. Be8 Kxd5 55. Bb5 Kd4 56. Be8 Ra2 57. Rb1 Rc2 58. Rd1 d5 59. Bb5 Ra2 60. Be8 Kc3 61. Bd7 d4 62. Be8 d3+ 63. Kf1 Kc2 64. Bh5 Rxa4 65. Kg2 Be5 0-1

[Event "FIDE World Rapid-ch Open 2018"]
[White "Nihal Sarin"]
[Black "Vaisser, Anatoli"]
[Site "St. Petersburg"]
[Round "9.83"]
[Annotator "ChessBase"]
[Result "1-0"]
[Date "2018.12.27"]
[WhiteElo "2576"]
[BlackElo "2505"]
[PlyCount "65"]
[TimeControl "900+10"]

1. e4 e6 2. d4 d5 3. Bd3 dxe4 4. Bxe4 Nf6 5. Bf3 Nbd7 6. Ne2 e5 7. Nbc3 c6 8. 0-0 Bd6 9. Ng3 0-0 10. d5 cxd5 11. Nxd5 e4 12. Nxe4 Nxe4 13. Bxe4 Qh4 14. f4 Bc5+ 15. Kh1 Nb6 16. Qe1 Qd8 17. Qc3 Bd6 18. Nxb6 Qxb6 19. Be3 Qc7 20. Qxc7 Bxc7 21. Rfe1 a6 22. g3 Rb8 23. Ba7 Ra8 24. Bc5 Rd8 25. Rad1 Rxd1 26. Rxd1 Bg4 27. Re1 h5 28. Bxb7 Rb8 29. Bxa6 Rxb2 30. Re8+ Kh7 31. Bd3+ f5 32. Kg2 Bb6 33. Rb8 1-0

[Event "FIDE World Rapid-ch Open 2018"]
[White "Belozerov, Andrei"]
[Black "Vorotnikov, Vladislav V"]
[Site "St. Petersburg"]
[Round "9.84"]
[Annotator "ChessBase"]
[Result "1-0"]
[Date "2018.12.27"]
[WhiteElo "2528"]
[BlackElo "2417"]
[PlyCount "159"]
[TimeControl "900+10"]

1. e4 e5 2. Nf3 d6 3. d4 exd4 4. Qxd4 Nc6 5. Bb5 Nge7 6. Bg5 h6 7. Bh4 Qd7 8. Qc3 a6 9. Bd3 Rg8 10. Qd2 g5 11. Bg3 Bg7 12. Nc3 Qe6 13. 0-0 Bd7 14. Rae1 0-0-0 15. b3 Nd4 16. Nxd4 Bxd4 17. Ne2 Bb6 18. Bc4 Qg6 19. Kh1 Rgf8 20. Nd4 f5 21. exf5 Nxf5 22. Nxf5 Bxf5 23. Re2 Rde8 24. Rfe1 Rxe2 25. Rxe2 Re8 26. Rxe8+ Qxe8 27. Bd3 Bxd3 28. cxd3 Bd4 29. Kg1 b5 30. Kf1 Kb7 31. h3 Bb6 32. Qe2 Qc6 33. Qd2 Qd5 34. Qe2 Qc6 35. Qd2 Qd5 36. Qc2 a5 37. a4 c6 38. Qd1 Qd4 39. Kg1 Qb2 40. axb5 cxb5 41. Qf3+ Ka7 42. Qf7+ Ka6 43. Qd5 Qc1+ 44. Kh2 Qc5 45. Qa8+ Ba7 46. d4 Qxd4 47. Qc8+ Kb6 48. Qd8+ Kc6 49. Qxa5 Bc5 50. Qa8+ Kb6 51. h4 g4 52. h5 Qd3 53. Bh4 Bb4 54. Bd8+ Kc5 55. Qc8+ Kd5 56. Qxg4 Bc3 57. Qg6 Be5+ 58. g3 Qd2 59. Kg2 Kc6 60. Qe4+ Kd7 61. Bb6 Qc3 62. Qh7+ Ke8 63. Qg8+ Ke7 64. Be3 Qc6+ 65. Kh2 Qf3 66. Qh7+ Ke8 67. Qxh6 Qf5 68. Qg6+ Qxg6 69. hxg6 Kf8 70. Bh6+ Ke7 71. Kg2 Kf6 72. g7 Kf7 73. f4 Bc3 74. Kf3 b4 75. g4 d5 76. Ke3 Bb2 77. Kd3 Bc3 78. f5 Kg8 79. Bd2 d4 80. Bh6 1-0

[Event "FIDE World Rapid-ch Open 2018"]
[White "Mamatov, Melis"]
[Black "Sokolin, Leonid"]
[Site "St. Petersburg"]
[Round "9.85"]
[Annotator "ChessBase"]
[Result "0-1"]
[Date "2018.12.27"]
[WhiteElo "2223"]
[BlackElo "2508"]
[PlyCount "109"]
[TimeControl "900+10"]

1. e4 c5 2. Nf3 Nc6 3. d4 cxd4 4. Nxd4 Qb6 5. Nb3 Nf6 6. Nc3 e6 7. Be3 Qc7 8. Qd2 Bb4 9. f3 d5 10. a3 Bxc3 11. Qxc3 dxe4 12. fxe4 0-0 13. Bd3 Ng4 14. Bg1 b6 15. Nd4 Bb7 16. Nxc6 Qxc6 17. Bd4 e5 18. Qxc6 Bxc6 19. Bc3 Rfe8 20. 0-0 Rad8 21. h3 Nf6 22. Rae1 b5 23. a4 a6 24. axb5 axb5 25. Kf2 Nd7 26. Bb4 Ra8 27. Ra1 Nb6 28. b3 f6 29. Ke3 Rec8 30. Rfd1 Be8 31. Ra5 Rxa5 32. Bxa5 Rb8 33. Ra1 Ra8 34. Kd2 Bc6 35. Kc3 Nd7 36. Kb4 Rc8 37. Re1 Rb8 38. Bc7 Rb7 39. Bd6 Kf7 40. Kc3 Ke6 41. Bb4 Ra7 42. g4 Ra2 43. h4 g6 44. g5 f5 45. exf5+ gxf5 46. h5 e4 47. Be2 Ne5 48. Rd1 Bd5 49. Bxb5 f4 50. Ba4 e3 51. Bc5 Be4 52. Rd6+ Kf5 53. Bd7+ Nxd7 54. Rxd7 Rxc2+ 55. Kb4 0-1

[Event "FIDE World Rapid-ch Open 2018"]
[White "Pogosyan, Stefan"]
[Black "Vastrukhin, Oleg"]
[Site "St. Petersburg"]
[Round "9.86"]
[Annotator "NA"]
[Result "0-1"]
[Date "2018.12.27"]
[WhiteElo "2365"]
[BlackElo "2413"]
[PlyCount "106"]
[TimeControl "900+10"]

1. d4 g6 2. c4 Bg7 3. Nf3 d6 4. Nc3 e5 5. g3 exd4 6. Nxd4 Nc6 7. Nxc6 bxc6 8. Bg2 Ne7 9. 0-0 0-0 10. Qc2 Rb8 11. b3 Bf5 12. e4 Be6 13. Be3 c5 14. Rad1 Qc8 15. f4 Nc6 16. f5 Nd4 17. Bxd4 Bxd4+ 18. Kh1 Bd7 19. Nd5 Qd8 20. f6 Kh8 21. Qd2 Be6 22. Ne7 Qd7 23. Qg5 Be5 24. Rf4 Bxf4 25. gxf4 Rg8 26. Rd3 Rbe8 27. Rg3 Rxe7 28. fxe7 Kg7 29. f5 f6 30. Qh4 Bf7 31. Rh3 h5 32. fxg6 Bxg6 33. Rg3 Qxe7 34. Qf4 Qe5 35. Qxe5 fxe5 36. Bh3 Kf6 37. Rf3+ Ke7 38. Bf5 Bxf5 39. Rxf5 Rg4 40. Rxh5 Rxe4 41. Rh7+ Ke6 42. Rxc7 Re1+ 43. Kg2 Re2+ 44. Kg3 Rxa2 45. h4 Ra3 46. Rb7 a5 47. Kg4 a4 48. b4 cxb4 49. Rxb4 Ra1 50. Kf3 a3 51. Kg2 Kf5 52. Ra4 a2 53. Kh2 e4 0-1

[Event "FIDE World Rapid-ch Open 2018"]
[White "Iljiushenok, Ilia"]
[Black "Zakhartsov, Vladimir"]
[Site "St. Petersburg"]
[Round "9.87"]
[Annotator "ChessBase"]
[Result "1/2-1/2"]
[Date "2018.12.27"]
[WhiteElo "2533"]
[BlackElo "2486"]
[PlyCount "103"]
[TimeControl "900+10"]

1. e4 c5 2. Nc3 Nc6 3. Bb5 Nd4 4. Bc4 e6 5. Nge2 Ne7 6. Nxd4 cxd4 7. Ne2 Nc6 8. 0-0 Bc5 9. d3 0-0 10. a3 a5 11. Ng3 Ne7 12. Ba2 d5 13. Bg5 h6 14. Bxe7 Bxe7 15. exd5 exd5 16. Ne2 Bg4 17. h3 Bxe2 18. Qxe2 Qd6 19. a4 Bf6 20. Qf3 Rac8 21. Bb3 Rfe8 22. Rfe1 Re5 23. Rxe5 Qxe5 24. g3 b6 25. h4 h5 26. Kf1 g6 27. Re1 Qd6 28. Bxd5 Kg7 29. Bc4 Qd7 30. b3 Rc5 31. Kg2 Re5 32. Rxe5 Bxe5 33. Qe4 Bf6 34. Qa8 Bd8 35. Kg1 Bf6 36. Kg2 Bd8 37. Bb5 Qc7 38. Qd5 Bf6 39. Bc4 Kf8 40. Kf1 Kg7 41. Ke2 Qe5+ 42. Kf3 Qxd5+ 43. Bxd5 Be7 44. Ke4 f5+ 45. Kxd4 Bc5+ 46. Ke5 Bxf2 47. Kf4 Bd4 48. Bc6 Kf6 49. Be8 Bc3 50. Ke3 Be5 51. Kf3 Bc3 52. Bb5 1/2-1/2

[Event "FIDE World Rapid-ch Open 2018"]
[White "Shinkevich, Vitaly"]
[Black "Sokolov, Andrei"]
[Site "St. Petersburg"]
[Round "9.88"]
[Annotator "ChessBase"]
[Result "1-0"]
[Date "2018.12.27"]
[WhiteElo "2439"]
[BlackElo "2532"]
[PlyCount "75"]
[TimeControl "900+10"]

1. d4 d6 2. Nf3 Bg4 3. c4 Nd7 4. Nc3 e5 5. g3 Ngf6 6. Bg2 c6 7. 0-0 Be7 8. h3 Bh5 9. Nh4 Bg6 10. Nxg6 hxg6 11. e3 Qc7 12. Rb1 a5 13. a3 0-0 14. b3 Rfe8 15. Bb2 Bf8 16. Qc2 exd4 17. exd4 d5 18. cxd5 cxd5 19. Qd3 Qd6 20. Bc1 Rad8 21. Bf4 Qb6 22. b4 axb4 23. axb4 Nb8 24. b5 Ne4 25. Rfc1 Nxc3 26. Rxc3 Bd6 27. Bd2 Be7 28. Rc2 Nc6 29. Bc3 Na5 30. Ra2 Nc4 31. Re2 Qd6 32. Rbe1 Qd7 33. h4 Kf8 34. h5 Qf5 35. Qxf5 gxf5 36. Bh3 g6 37. h6 f6 38. h7 1-0

[Event "FIDE World Rapid-ch Open 2018"]
[White "Apryshko, Gleb"]
[Black "Rechlis, Gad"]
[Site "St. Petersburg"]
[Round "9.89"]
[Annotator "ChessBase"]
[Result "1-0"]
[Date "2018.12.27"]
[WhiteElo "2385"]
[BlackElo "2521"]
[PlyCount "140"]
[TimeControl "900+10"]

1. e4 c5 2. Nf3 d6 3. d4 cxd4 4. Nxd4 Nf6 5. Nc3 g6 6. f3 Bg7 7. Be3 0-0 8. Qd2 Nc6 9. 0-0-0 d5 10. Qe1 e5 11. Nxc6 bxc6 12. exd5 Nxd5 13. Bc4 Be6 14. Kb1 Re8 15. Ne4 f5 16. Ng5 Bc8 17. Bb3 f4 18. Ne4 fxe3 19. c4 Be6 20. cxd5 cxd5 21. Qxe3 Kh8 22. Qc5 Bf8 23. Qc6 Rc8 24. Qa6 Rc7 25. Ka1 Rd7 26. Ba4 dxe4 27. Bxd7 Bxd7 28. Qxa7 Re7 29. fxe4 Qe8 30. Qa5 h6 31. Rhf1 Bg7 32. Qc5 Kh7 33. Qd6 Bb5 34. Rfe1 Ra7 35. Qc5 Ra4 36. Rd6 Qa8 37. a3 Be8 38. Re6 Bf7 39. Re7 Rc4 40. Qd6 Qxe4 41. Rf1 Qd5 42. Qxd5 Bxd5 43. Rd1 Bc6 44. Rc7 e4 45. Kb1 e3 46. Re7 Be4+ 47. Ka1 e2 48. Re1 Bd3 49. R7xe2 Bxe2 50. Rxe2 g5 51. Ka2 Kg6 52. b4 Kf5 53. b5 Re4 54. Rc2 Bd4 55. Kb3 Ke5 56. a4 Bb6 57. Rc6 Ba5 58. Ra6 Be1 59. b6 Kd5 60. a5 Kc6 61. Ra7 g4 62. g3 h5 63. Kc2 Ra4 64. b7 Rb4 65. a6 Bf2 66. Ra8 Bc5 67. Rc8+ Kd6 68. b8=Q+ Rxb8 69. Rxb8 Bg1 70. Rb1 Kd5 1-0

[Event "FIDE World Rapid-ch Open 2018"]
[White "Hirneise, Tobias"]
[Black "Zablotsky, Sergei"]
[Site "St. Petersburg"]
[Round "9.90"]
[Annotator "ChessBase"]
[Result "1/2-1/2"]
[Date "2018.12.27"]
[WhiteElo "2464"]
[BlackElo "2511"]
[PlyCount "96"]
[TimeControl "900+10"]

1. e4 d6 2. d4 Nf6 3. Nc3 e5 4. Nf3 Nbd7 5. Bc4 Be7 6. a4 0-0 7. 0-0 c6 8. Re1 exd4 9. Qxd4 Ne5 10. Nxe5 dxe5 11. Qxd8 Rxd8 12. Bg5 Kf8 13. Rad1 h6 14. Bh4 Rxd1 15. Rxd1 Nh5 16. Bxe7+ Kxe7 17. f3 a5 18. Kf2 Nf6 19. Ke3 Ne8 20. g3 Nd6 21. Bd3 f6 22. f4 Be6 23. fxe5 fxe5 24. b3 Ne8 25. Be2 Nf6 26. Rf1 Rf8 27. Rf2 Rd8 28. Rf1 Bh3 29. Rf2 Rd4 30. Bf3 Rd8 31. Rd2 Rf8 32. Rf2 g5 33. Be2 h5 34. Nb1 Rd8 35. Nc3 h4 36. gxh4 gxh4 37. Bf3 Rg8 38. Nb1 Rg1 39. Nd2 b5 40. Kd3 Rc1 41. Kc3 Ra1 42. axb5 cxb5 43. Be2 Bd7 44. Kb2 Re1 45. Nf3 Nxe4 46. Rg2 h3 47. Nxe1 hxg2 48. Nxg2 b4 1/2-1/2

[Event "FIDE World Rapid-ch Open 2018"]
[White "Mikhalevski, Victor"]
[Black "Ovchinnikov, Vsevolod"]
[Site "St. Petersburg"]
[Round "9.91"]
[Annotator "ChessBase"]
[Result "0-1"]
[Date "2018.12.27"]
[WhiteElo "2579"]
[BlackElo "2329"]
[PlyCount "110"]
[TimeControl "900+10"]

1. d4 Nf6 2. Bg5 Ne4 3. Bf4 c5 4. f3 Qa5+ 5. c3 Nf6 6. d5 Qb6 7. Bc1 e6 8. e4 exd5 9. exd5 d6 10. Na3 Be7 11. Ne2 0-0 12. g4 Re8 13. Nc4 Qc7 14. Ng3 Bf8+ 15. Kf2 b5 16. Ne3 a6 17. a4 bxa4 18. Rxa4 Nfd7 19. h4 Nb6 20. Rf4 N8d7 21. Bd3 Ne5 22. Bb1 c4 23. Rd4 g6 24. h5 Bg7 25. Qg1 Nd3+ 26. Bxd3 cxd3 27. Ne4 Bxd4 28. cxd4 Rxe4 29. fxe4 Nc4 30. Kf3 Nxe3 31. Bxe3 Ra7 32. Qg3 Qc2 33. Qf4 Qe2+ 34. Kg3 Re7 35. Rh2 Qe1+ 36. Rf2 Qg1+ 37. Rg2 Qe1+ 38. Kh3 Qh1+ 39. Rh2 Qxe4 40. Bd2 gxh5 41. Kh4 Bxg4 42. Qg5+ Kf8 43. Bf4 Bf5 44. Kxh5 Bg6+ 45. Kh6 Qxd4 46. Qg3 Qg7+ 47. Kg5 f6+ 48. Kh4 Re4 49. Qg4 Qe7 50. Kg3 Kf7 51. Rh1 Rc4 52. Ra1 Rc2 53. Rxa6 Qe1+ 54. Kh3 Qh1+ 55. Kg3 Rg2+ 0-1

[Event "FIDE World Rapid-ch Open 2018"]
[White "Gordievsky, Dmitry"]
[Black "Perdomo, Carlos Andres"]
[Site "St. Petersburg"]
[Round "9.92"]
[Annotator "ChessBase"]
[Result "1-0"]
[Date "2018.12.27"]
[WhiteElo "2614"]
[BlackElo "2301"]
[PlyCount "57"]
[TimeControl "900+10"]

1. Nf3 Nf6 2. c4 e6 3. b3 Be7 4. Bb2 b6 5. g3 Bb7 6. Bg2 c5 7. 0-0 d6 8. e3 Nbd7 9. Nc3 a6 10. d4 cxd4 11. exd4 0-0 12. d5 e5 13. Qe2 Ne8 14. b4 f5 15. Nd2 Rc8 16. Rac1 Bf6 17. f3 g6 18. Nb3 Qc7 19. Nb1 b5 20. N1d2 Qb6+ 21. c5 dxc5 22. bxc5 Nxc5 23. Nxc5 Rxc5 24. Qf2 Be7 25. Nb3 Bxd5 26. Nxc5 Bc4 27. Nd7 Qc7 28. Nxe5 Bc5 29. Bd4 1-0

[Event "FIDE World Rapid-ch Open 2018"]
[White "Drygalov, Andrey"]
[Black "Chen, Qi b"]
[Site "St. Petersburg"]
[Round "9.93"]
[Annotator "ChessBase"]
[Result "1-0"]
[Date "2018.12.27"]
[WhiteElo "2481"]
[BlackElo "2437"]
[PlyCount "85"]
[TimeControl "900+10"]

1. Nf3 Nf6 2. c4 g6 3. g3 Bg7 4. Bg2 0-0 5. 0-0 c6 6. d4 d5 7. Nbd2 a5 8. b3 Bf5 9. Bb2 Ne4 10. Nh4 Nxd2 11. Qxd2 Be6 12. f4 dxc4 13. f5 gxf5 14. bxc4 Nd7 15. Nxf5 Bxf5 16. Rxf5 e6 17. Rf2 Rc8 18. Rc1 h6 19. e3 Qg5 20. Rcf1 b6 21. Qe2 c5 22. Rf4 f5 23. g4 Kh8 24. gxf5 exf5 25. R1f3 Rce8 26. Qf2 cxd4 27. exd4 Qg6 28. Rg3 Qf7 29. Bd5 Qh5 30. Bf3 Qf7 31. Ba3 Qxc4 32. Bxf8 Rxf8 33. Bg2 b5 34. Bf1 Qd5 35. Bd3 Rc8 36. Rxf5 Rc1+ 37. Bf1 Qd6 38. Rf4 Nf6 39. Rgf3 Nh5 40. Rh4 Rd1 41. Kh1 Qd5 42. Qe2 Rxd4 43. Rxh5 1-0

[Event "FIDE World Rapid-ch Open 2018"]
[White "Gurvich, Vitaly"]
[Black "Makarov, Marat"]
[Site "St. Petersburg"]
[Round "9.94"]
[Annotator "ChessBase"]
[Result "0-1"]
[Date "2018.12.27"]
[WhiteElo "2270"]
[BlackElo "2505"]
[PlyCount "107"]
[TimeControl "900+10"]

1. d4 Nf6 2. c4 e6 3. Nf3 Bb4+ 4. Bd2 a5 5. g3 b6 6. Bg2 Bb7 7. Nc3 Bxc3 8. Bxc3 Ne4 9. Rc1 0-0 10. 0-0 d6 11. b3 Nxc3 12. Rxc3 Nd7 13. Rc1 Be4 14. Nd2 Bxg2 15. Kxg2 f5 16. e3 e5 17. Qf3 e4 18. Qe2 c5 19. f3 Nf6 20. fxe4 fxe4 21. d5 Qe7 22. a4 Qe5 23. Nb1 h5 24. Nc3 Rf7 25. Rf2 Raf8 26. Qd2 Ng4 27. Rxf7 Rxf7 28. Rf1 Rxf1 29. Kxf1 Qf5+ 30. Kg1 Ne5 31. Qc2 Nf3+ 32. Kh1 Nd2 33. Qd1 Qf2 34. Qg1 Qf3+ 35. Qg2 Qxe3 36. Ne2 Qxb3 37. Ng1 Nf3 38. Qh3 Qb1 39. Qe6+ Kh7 40. Qf5+ Kh6 41. Qf4+ Kg6 42. Qe3 Qxg1+ 43. Qxg1 Nxg1 44. Kxg1 Kf5 45. Kf2 Kg4 46. Kg2 h4 47. h3+ Kg5 48. Kf2 hxg3+ 49. Kxg3 Kf5 50. h4 g6 51. Kf2 Kf4 52. Ke2 e3 53. Ke1 Ke4 54. Ke2 0-1

[Event "FIDE World Rapid-ch Open 2018"]
[White "Guimaraes, Diogo Duarte"]
[Black "Hakobyan, Aram"]
[Site "St. Petersburg"]
[Round "9.95"]
[Annotator "ChessBase"]
[Result "1/2-1/2"]
[Date "2018.12.27"]
[WhiteElo "2278"]
[BlackElo "2545"]
[PlyCount "144"]
[TimeControl "900+10"]

1. e4 Nf6 2. e5 Nd5 3. Nf3 d6 4. d4 c6 5. Be2 Bf5 6. 0-0 dxe5 7. Nxe5 Nd7 8. Nf3 e6 9. c4 N5f6 10. Nc3 Bd6 11. h3 0-0 12. Nh4 Bg6 13. Be3 Re8 14. Re1 Qc7 15. Nxg6 hxg6 16. Bf3 Rad8 17. Rc1 Bh2+ 18. Kh1 Bf4 19. Qd2 Bxe3 20. Qxe3 a6 21. Ne4 Nxe4 22. Bxe4 Nf6 23. Bf3 Rd7 24. Red1 Red8 25. Rd2 e5 26. Rcd1 exd4 27. Rxd4 Rxd4 28. Rxd4 Re8 29. Qd2 Qe5 30. g3 Qe1+ 31. Kg2 Qxd2 32. Rxd2 Kf8 33. b4 Re5 34. Rd8+ Re8 35. Rd2 Ke7 36. b5 axb5 37. cxb5 cxb5 38. Rb2 b6 39. Rxb5 Rb8 40. a4 Nd7 41. a5 bxa5 42. Rxa5 Rb6 43. h4 Kf6 44. g4 Ne5 45. Be2 Rb2 46. Kf1 Rb1+ 47. Kg2 Rb2 48. Kf1 Rb4 49. f3 Ke6 50. Kf2 Rb2 51. Ke3 Rb3+ 52. Kf2 Rc3 53. Ra6+ Ke7 54. Ra7+ Ke6 55. Ra6+ Rc6 56. Bc4+ Kd6 57. Rxc6+ Kxc6 58. Bb3 Kd6 59. Ke3 f6 60. Ke4 Ke7 61. g5 Nd7 62. Kd5 Nf8 63. Ke4 Nd7 64. Kd5 Ne5 65. Ke4 Kd6 66. f4 Nd7 67. Bf7 fxg5 68. hxg5 Nf8 69. f5 gxf5+ 70. Kxf5 Ke7 71. Bb3 Nh7 72. Kg6 Nxg5 1/2-1/2

[Event "FIDE World Rapid-ch Open 2018"]
[White "Dubrovin, Robert"]
[Black "Bilguun, Sumiya"]
[Site "St. Petersburg"]
[Round "9.96"]
[Annotator "ChessBase"]
[Result "1/2-1/2"]
[Date "2018.12.27"]
[WhiteElo "2220"]
[BlackElo "2497"]
[PlyCount "58"]
[TimeControl "900+10"]

1. d4 d5 2. c4 e6 3. Nc3 c6 4. Nf3 dxc4 5. e3 b5 6. a4 Bb4 7. Bd2 a5 8. axb5 Bxc3 9. Bxc3 cxb5 10. b3 Bb7 11. bxc4 b4 12. Bb2 Nf6 13. Bd3 0-0 14. 0-0 Nbd7 15. c5 Bc6 16. Bc2 Qc7 17. Ba4 Bd5 18. Nd2 e5 19. Qc2 exd4 20. Bxd4 Rfc8 21. Rfc1 Bc6 22. Bxc6 Qxc6 23. Qa4 Qxa4 24. Rxa4 Nb6 25. Raa1 Nbd5 26. Ra4 Nb6 27. Raa1 Nbd5 28. Ra4 Nb6 29. Raa1 Nbd5 1/2-1/2

[Event "FIDE World Rapid-ch Open 2018"]
[White "Danielyan, Vahe"]
[Black "Kabanov, Nikolai"]
[Site "St. Petersburg"]
[Round "9.97"]
[Annotator "ChessBase"]
[Result "0-1"]
[Date "2018.12.27"]
[WhiteElo "2220"]
[BlackElo "2450"]
[PlyCount "58"]
[TimeControl "900+10"]

1. e4 e5 2. Nf3 d6 3. d4 exd4 4. Qxd4 Nc6 5. Bb5 Bd7 6. Bxc6 Bxc6 7. Nc3 Nf6 8. Bg5 Be7 9. 0-0-0 0-0 10. Rhe1 Re8 11. e5 dxe5 12. Qc4 Nd7 13. h4 Bxf3 14. gxf3 Bxg5+ 15. hxg5 Qxg5+ 16. Kb1 Nb6 17. Qxc7 Rac8 18. Qxb7 Nc4 19. Ne4 Qf4 20. Qd5 Qxf3 21. Rd3 Qf5 22. Red1 h6 23. f3 Qe6 24. Qxe6 Rxe6 25. Rd8+ Rxd8 26. Rxd8+ Kh7 27. b3 f5 28. Nc5 Rd6 29. Re8 Rd1# 0-1

[Event "FIDE World Rapid-ch Open 2018"]
[White "Shubin, Kirill"]
[Black "Tsoi, Dmitry"]
[Site "St. Petersburg"]
[Round "9.98"]
[Annotator "NA"]
[Result "1/2-1/2"]
[Date "2018.12.27"]
[WhiteElo "2334"]
[BlackElo "2424"]
[PlyCount "116"]
[TimeControl "900+10"]

1. e4 e5 2. Nf3 d6 3. d4 exd4 4. Nxd4 Nf6 5. Nc3 Be7 6. Be2 0-0 7. 0-0 Re8 8. Re1 Bf8 9. Bc4 Nc6 10. Nxc6 bxc6 11. Bg5 h6 12. Bh4 Be7 13. e5 dxe5 14. Rxe5 Qd6 15. Bg3 Bg4 16. Qd3 Qxd3 17. Bxd3 Bd6 18. Rxe8+ Rxe8 19. Kf1 Rb8 20. b3 Nh5 21. Bxd6 cxd6 22. Be2 Nf6 23. Rd1 d5 24. Bxg4 Nxg4 25. Rd4 f5 26. h3 Ne5 27. Ra4 Rb7 28. f4 Nd7 29. Ra6 Rc7 30. Ne2 Nc5 31. Ra5 Ne6 32. c4 dxc4 33. bxc4 g6 34. Kf2 Kf7 35. g4 fxg4 36. hxg4 Rb7 37. Kf3 Rd7 38. Ke3 Re7 39. Kf3 Kf6 40. Ra6 Rc7 41. Nc3 Kg7 42. Ne4 Rf7 43. Ke3 Nxf4 44. Rxc6 Ng2+ 45. Kd3 h5 46. gxh5 gxh5 47. Rc5 Nf4+ 48. Ke3 h4 49. Rg5+ Kh6 50. Rg4 Ng6 51. c5 Rc7 52. a4 Rb7 53. Nd6 Rb3+ 54. Kf2 Kh5 55. Rc4 Ne5 56. Rd4 Ng4+ 57. Kg1 h3 58. Rd5+ Kg6 1/2-1/2

[Event "FIDE World Rapid-ch Open 2018"]
[White "Al Thebaiti, Ahmed M"]
[Black "Masrahi, Abdulrahman A"]
[Site "St. Petersburg"]
[Round "9.99"]
[Annotator "NA"]
[Result "1-0"]
[Date "2018.12.27"]
[WhiteElo "1976"]
[BlackElo "1903"]
[PlyCount "109"]
[TimeControl "900+10"]

1. Nf3 d5 2. d4 Nf6 3. e3 Bf5 4. b3 e6 5. Bb2 Nbd7 6. Be2 Bd6 7. 0-0 Ne4 8. Nbd2 Qf6 9. c4 c6 10. cxd5 exd5 11. Nxe4 dxe4 12. Nd2 0-0 13. Nc4 Bc7 14. Rc1 Qh6 15. g3 Nf6 16. Ne5 Nd5 17. a3 Rad8 18. Bg4 Bxg4 19. Qxg4 f5 20. Qe2 Qh3 21. Rfe1 Rd6 22. Qf1 Qh5 23. Qg2 Kh8 24. b4 a6 25. Kh1 Kg8 26. f4 exf3 27. Qxf3 Qxf3+ 28. Nxf3 Re6 29. Ne5 Bxe5 30. dxe5 Ne7 31. Rcd1 Ng6 32. Rd7 Rf7 33. Rd8+ Rf8 34. Rd7 Re7 35. Red1 Rfe8 36. e6 Kf8 37. Bd4 Rxe6 38. Rxb7 R8e7 39. Bc5 Kf7 40. Bxe7 Rxe7 41. Rdd7 Rxd7 42. Rxd7+ Ke6 43. Ra7 Ne5 44. Rxa6 Kd5 45. Ra5+ Ke6 46. Rc5 Kd6 47. a4 g6 48. a5 Nd7 49. Rc4 c5 50. bxc5+ Nxc5 51. Rb4 Kc7 52. Kg2 g5 53. Rb5 Kc6 54. Rb6+ Kc7 55. Rh6 1-0

[Event "FIDE World Rapid-ch Open 2018"]
[White "Yeritsyan, Aram"]
[Black "Al Turky, Fahad A"]
[Site "St. Petersburg"]
[Round "9.100"]
[Annotator "NA"]
[Result "1-0"]
[Date "2018.12.27"]
[WhiteElo "2372"]
[BlackElo "1836"]
[PlyCount "75"]
[TimeControl "900+10"]

1. e4 c5 2. Nf3 Nc6 3. d4 cxd4 4. Nxd4 e5 5. Nb5 d6 6. N1c3 Nf6 7. Bg5 Be7 8. Bxf6 gxf6 9. Nd5 0-0 10. Nxe7+ Qxe7 11. Qxd6 Qxd6 12. Nxd6 Nd4 13. 0-0-0 Rd8 14. Nxc8 Raxc8 15. c3 Ne6 16. Rxd8+ Rxd8 17. g3 Nc5 18. f3 a6 19. Be2 b5 20. Rd1 Rxd1+ 21. Kxd1 Kf8 22. Kc2 Ke7 23. b4 Ne6 24. a4 Nc7 25. Kb3 Kd6 26. c4 Ne6 27. c5+ Kc6 28. axb5+ axb5 29. Kc3 Nd4 30. Bd1 h6 31. Kd3 Ne6 32. Bb3 Ng5 33. f4 exf4 34. gxf4 Ne6 35. Bxe6 fxe6 36. Ke3 f5 37. exf5 exf5 38. Kd4 1-0

[Event "FIDE World Rapid-ch Open 2018"]
[White "Ahmed Hassan Abdillahi"]
[Black "khayat, Abdullah F"]
[Site "St. Petersburg"]
[Round "9.101"]
[Annotator "NA"]
[Result "1-0"]
[Date "2018.12.27"]
[WhiteElo "1570"]
[BlackElo "1723"]
[PlyCount "85"]
[TimeControl "900+10"]

1. d4 Nf6 2. c4 d6 3. Nc3 g6 4. e4 Bg7 5. Nf3 0-0 6. Be2 a5 7. 0-0 Na6 8. a3 Nd7 9. Be3 e5 10. d5 Ndc5 11. Qc2 f5 12. Bg5 Qe8 13. b4 axb4 14. axb4 Nxb4 15. Qb2 Rxa1 16. Rxa1 Nba6 17. Nd2 h6 18. Be3 f4 19. Bxc5 Nxc5 20. Nb5 Qe7 21. f3 g5 22. Na7 Bd7 23. Nb3 Nxb3 24. Qxb3 b6 25. Nb5 Rc8 26. Ra7 Qd8 27. Qa3 Bxb5 28. cxb5 h5 29. h3 Bf6 30. Qa6 Kg7 31. Qxb6 Kg6 32. Qc6 Be7 33. Qb7 Kf6 34. Ra6 Rb8 35. Qc6 Rc8 36. Qc3 h4 37. Rc6 Ra8 38. Rxc7 Ra3 39. Qc6 Qb8 40. Qd7 Qb6+ 41. Kh2 Ra1 42. Qxe7+ Kg6 43. Qe6+ 1-0